 Dungeon Crawl Stone Soup version 0.18-a0-1123-gbd92598 (webtiles) character file.

4226 Psaro the Cruncher (level 10, -4/67 HPs)
             Began as a Demonspawn Gladiator on Jan 19, 2016.
             Was an Elder of Pakellas.
             Slain by a warg (7 damage)
             ... on level 8 of the Dungeon.
             The game lasted 00:24:26 (7049 turns).

Psaro the Cruncher (Demonspawn Gladiator)           Turns: 7049, Time: 00:24:26

Health: -4/67      AC: 10    Str: 18    XL:     10   Next: 9%
Magic:  9/15       EV: 11    Int:  9    God:    Pakellas [****..]
Gold:   356        SH:  0    Dex: 15    Spells: 0 memorised, 9 levels left

rFire  . . .     SeeInvis .     w - +3 quarterstaff (freeze)
rCold  . . .     Gourm    .     t - +0 ring mail (curse)
rNeg   . . .     Faith    .     (shield currently unavailable)
rPois  .         Spirit   .     c - +1 helmet
rElec  .         Dismiss  .     z - +1 cloak
rCorr  .         Reflect  .     (no gloves)
SustAt +         Harm     .     (no boots)
MR     .....                    K - amulet of magic regeneration (curse)
Stlth  +.........               m - ring of flight
                                l - ring of sustain attributes

@: very slightly contaminated, hasted, drained, very quick, not resistant to
hostile enchantments, very unstealthy
A: talons 1, molten scales 1, spiny 2
a: Quick Charge, Device Surge, Renounce Religion, Evoke Flight


You were on level 8 of the Dungeon.
You worshipped Pakellas.
Pakellas was greatly pleased with you.
You were not hungry.

You visited 1 branch of the dungeon, and saw 8 of its levels.

You collected 356 gold pieces.

Inventory:

Hand Weapons
 a - a +0 quarterstaff
 s - a +0 halberd
 w - a +3 quarterstaff of freezing (weapon)
Missiles
 d - 4 throwing nets (quivered)
Armour
 b - a +0 leather armour
 c - a +1 helmet (worn)
 k - a +0 ring mail
 t - a cursed +0 ring mail (worn)
 z - a +1 cloak (worn)
Jewellery
 l - a ring of sustain attributes (left hand)
 m - a ring of flight (right hand)
 q - an uncursed ring of teleportation
 K - a cursed amulet of magic regeneration (around neck)
Wands
 o - a wand of paralysis (7/24)
 C - a wand of magic darts (19/48)
 D - a wand of hasting (0/9)
 G - a wand of paralysis (19/24)
 L - a wand of fire (2/15)
 O - a wand of draining (5/15)
Scrolls
 u - a scroll of enchant armour
 v - a scroll of enchant weapon
 y - 3 scrolls of remove curse
 J - a scroll of amnesia
 P - a scroll of identify
Potions
 e - 2 potions of magic
 g - a potion of mutation {unknown}
 h - 2 potions of flight {unknown}
 i - 3 potions of ambrosia
 j - a potion of resistance
 r - a potion of agility {unknown}
 x - a potion of lignification {unknown}
 A - 2 potions of poison
 E - 2 potions of haste {unknown}
 F - a potion of might {unknown}
 Q - a potion of cure mutation {unknown}
Books
 N - a book of the Tempests

   Spells                             Type                      Level
   a - Static Discharge               Conjuration/Air              3
   b - Lightning Bolt                 Conjuration/Air              5
   c - Fireball                       Conjuration/Fire             5
   d - Tornado                        Air                          9
   e - Shatter                        Earth                        9
Comestibles
 f - 6 bread rations
 n - 2 beef jerkies
 p - a slice of pizza
 I - a meat ration


   Skills:
 - Level 2.0(1.1) Fighting
 * Level 12.0(10.9) Staves
 - Level 1.7(0.9) Throwing
 - Level 2.6(1.8) Dodging
 + Level 6.7(5.8) Evocations


You had 9 spell levels left.
You didn't know any spells.

Dungeon Overview and Level Annotations

Branches:
Dungeon (8/15)             Temple (0/1) D:5
   Lair: D:8-11

Altars:
Cheibriados
Kikubaaqudgha
Makhleb
Nemelex Xobeh
Okawaru
Pakellas
Yredelemnul
Zin
The Shining One

Shops:
D:6 %   D:7 ?


Innate Abilities, Weirdness & Mutations

You have sharp toenails.
You are partially covered in molten scales (AC +1).
You are mostly covered in sharp spines.


Message History

The warg bites you!
* * * LOW HITPOINT WARNING * * *
The orc priest invokes the aid of Beogh against you.
Something smites you!
* * * LOW HITPOINT WARNING * * *
Read which item? (? for menu, Esc to quit)
Okay, then.
The orc priest moves out of view.
Evoke which item? (* to show all) (? for menu, Esc to quit)
Zapping:
D - a wand of hasting (1/9)
Press: ? - help, Shift-Dir - straight line, f - you You feel yourself speed up.
You are very lightly contaminated with residual magic.
This wand has 0 charges left.
The warg bites you.
* * * LOW HITPOINT WARNING * * *
The warg is struck by your spines. The warg bites you but does no damage.
An orc comes into view.
The orc priest casts a cantrip, but nothing happens.
The warg bites you!
You die...

### ###+#..# .......#
#####+##.....
#.....##...# ###
#.....##.@.###.# ...
#.......h......# ....
#..............#.....
+..............'......
#..............#.z....
#..)o.##.......#.z....
..####o####..###.##
.z... .......)\.##..#
### z..##
#..o.......#... ..#


You could see a warg and 2 orc priests.

Vanquished Creatures
  A cyclops (D:6)
  Joseph (D:7)
  Grinder (D:6)
  A wyvern (D:7)
  A hippogriff (D:7)
  2 orc warriors (D:7)
  2 ice beasts
  4 sky beasts
  2 phantoms
  An ogre (D:4)
  3 centaurs
  A giant frog (D:7)
  A wyvern skeleton (D:6)
  2 scorpions
  A water moccasin skeleton (D:6)
  4 wights (D:8)
  2 crimson imps (D:5)
  2 giant frog zombies
  A centaur skeleton (D:7)
  A hound (D:6)
  7 orc priests
  A jelly (D:7)
  A giant frog skeleton (D:4)
  2 gnoll shamans
  6 orc wizards
  6 worker ants
  An iguana (D:3)
  A killer bee zombie (D:6)
  2 hound skeletons (D:5)
  A worker ant zombie (D:6)
  Robin (D:3)
  20 gnolls
  12 adders
  A river rat (D:3)
  2 oozes (D:1)
  An adder skeleton (D:4)
  2 adder zombies (D:5)
  3 worms
  3 giant geckos
  16 orcs
  10 giant cockroaches
  18 goblins
  11 hobgoblins
  16 jackals
  6 kobolds
  3 quokkas
  2 ball pythons
  4 bats
  2 giant gecko skeletons (D:4)
  2 giant gecko zombies
  3 giant newts
  A quokka skeleton (D:4)
  13 rats
214 creatures vanquished.

Notes
Turn   | Place    | Note
--------------------------------------------------------------
     0 | D:1      | Psaro the Demonspawn Gladiator began the quest for the Orb.
     0 | D:1      | Reached XP level 1. HP: 16/16 MP: 1/1
   145 | D:1      | Reached skill level 3 in Staves
   199 | D:1      | Gained mutation: You are partially covered in sharp spines. [demonic ancestry]
   199 | D:1      | Reached XP level 2. HP: 22/22 MP: 2/2
   377 | D:1      | Reached XP level 3. HP: 25/27 MP: 3/3
   624 | D:1      | Reached skill level 4 in Staves
  1024 | D:2      | Gained mutation: You are partially covered in molten scales (AC +1). [demonic ancestry]
  1024 | D:2      | Reached XP level 4. HP: 20/33 MP: 4/4
  1550 | D:2      | Found a glowing golden altar of the Shining One.
  1604 | D:2      | Reached skill level 5 in Staves
  1623 | D:2      | Found a burning altar of Makhleb.
  1722 | D:2      | Reached XP level 5. HP: 36/38 MP: 5/5
  1835 | D:3      | Noticed Robin
  1967 | D:3      | Found a faded altar to an unknown god.
  2100 | D:3      | Found an iron altar of Okawaru.
  2250 | D:3      | Killed Robin
  2294 | D:3      | Reached skill level 6 in Staves
  2493 | D:3      | Found an oddly glowing altar of Pakellas.
  2500 | D:3      | Became a worshipper of Pakellas the Inventive
  2507 | D:3      | Found an ancient bone altar of Kikubaaqudgha.
  2744 | D:4      | Reached XP level 6. HP: 39/44 MP: 6/6
  3053 | D:4      | Reached * piety under Pakellas
  3053 | D:4      | Reached skill level 7 in Staves
  3197 | D:4      | Gained mutation: You are mostly covered in sharp spines. [demonic ancestry]
  3197 | D:4      | Reached XP level 7. HP: 48/50 MP: 7/7
  3534 | D:4      | Found a basalt altar of Yredelemnul.
  3658 | D:5      | Entered Level 5 of the Dungeon
  3765 | D:5      | Reached skill level 8 in Staves
  3898 | D:5      | Reached skill level 9 in Staves
  3898 | D:5      | Reached XP level 8. HP: 56/56 MP: 8/8
  3914 | D:5      | Reached ** piety under Pakellas
  3914 | D:5      | Received a gift from Pakellas
  4031 | D:5      | Found a glowing golden altar of the Shining One.
  4114 | D:5      | Found a staircase to the Ecumenical Temple.
  4205 | D:5      | Found a sparkling altar of Nemelex Xobeh.
  4531 | D:5      | Reached skill level 1 in Evocations
  4766 | D:6      | Noticed a cyclops
  4851 | D:6      | Noticed Grinder
  4864 | D:6      | Killed Grinder
  4864 | D:6      | Reached skill level 10 in Staves
  5034 | D:6      | Found a glowing silver altar of Zin.
  5049 | D:6      | Gained mutation: You have sharp toenails. [demonic ancestry]
  5049 | D:6      | Reached XP level 9. HP: 38/61 MP: 10/12
  5231 | D:6      | Reached *** piety under Pakellas
  5481 | D:6      | Killed a cyclops
  5481 | D:6      | Reached skill level 5 in Evocations
  5601 | D:6      | Reached skill level 11 in Staves
  5606 | D:6      | Found Roshianta's Food Shop.
  6111 | D:7      | Found a snail-covered altar of Cheibriados.
  6539 | D:7      | Noticed Joseph
  6558 | D:7      | Killed Joseph
  6558 | D:7      | Reached XP level 10. HP: 20/67 MP: 5/14
  6559 | D:7      | Found Qeomon's Magic Scroll Emporium.
  7030 | D:8      | Reached **** piety under Pakellas
  7030 | D:8      | Received a gift from Pakellas
  7037 | D:8      | Reached skill level 12 in Staves
  7042 | D:8      | HP: 2/67 [warg (4)]
  7049 | D:8      | Slain by a warg

Vault maps used:
D:1:      wheals_arrival_shading, kennysheep_pointless_box
D:2:      lemuel_coloured_pillars_altar, tso_metal_star
D:3:      okawaru_gym_becter, amethyst_overflow_temple_binary,
          portal_sewer_entry_e, ecumenical_altar_2, uniq_robin
D:4:      kennysheep_mini
D:5:      minmay_opposing_rooms, overflow_temple_1_default,
          nemelex_xobeh_ov_fountains_minmay, minmay_temple_entry_junction,
          first_bread
D:6:      kennysheep_big_flooded_room, lemuel_round_altar, serial_shops,
          shop_fountains, uniq_grinder
D:7:      overflow_temple_1_default, serial_shops, shop, uniq_joseph
D:8:      kennysheep_mini_moat, erik_lair_orcish_takeover

Action                   |  1- 3 |  4- 6 |  7- 9 | 10-12 || total
-------------------------+-------+-------+-------+-------++-------
Melee: Quarterstaff      |    66 |   125 |   246 |    24 ||   461
Invok: Quick Charge      |       |       |     2 |       ||     2
       Device Surge      |       |       |     1 |       ||     1
Evoke: Wand              |       |       |     6 |     1 ||     7
  Use: Scroll            |     6 |     3 |     6 |     2 ||    17
       Potion            |       |       |     1 |     1 ||     2
 Stab: Sleeping          |     1 |       |       |       ||     1
       Distracted        |       |     1 |       |       ||     1
       Paralysed         |       |       |     7 |       ||     7
  Eat: Chunk             |       |     7 |    12 |     1 ||    20
